 Dungeon Crawl Stone Soup version 0.20.1-1-g8b1a95d66d (webtiles) character file.

150 Jynx the Changer (level 5, -2/40 HPs)
             Began as a Draconian Transmuter on Dec 27, 2017.
             Slain by an orc
             ... wielding a cursed +0 flail
              (7 damage)
             ... on level 3 of the Dungeon.
             The game lasted 00:05:10 (2700 turns).

Jynx the Changer (Draconian Transmuter)             Turns: 2700, Time: 00:05:10

Health: -2/40      AC:  5    Str: 12    XL:     5   Next: 10%
Magic:  8/9        EV: 12    Int: 13    God:
Gold:   99         SH:  0    Dex: 13    Spells: 4/10 levels left

rFire    . . .     SeeInvis .     - Unarmed
rCold    . . .     Gourm    .   (no shield)
rNeg     . . .     Faith    .   (armour unavailable)
rPois    +         Spirit   .   (helmet restricted)
rElec    .         Reflect  .   (no cloak)
rCorr    .         Harm     .   (no gloves)
MR       .....                  (boots currently unavailable)
Stlth    ++........             (no amulet)
Regen    0.2/turn               j - ring of poison resistance
MPRegen  0.2/turn               (no ring)

@: appendage
A: unfitting armour, talons 3, cold-blooded, AC +5
a: End Transformation


You were on level 3 of the Dungeon.
You were hungry.
You had grown temporary talons.
You visited 1 branch of the dungeon, and saw 3 of its levels.

You collected 99 gold pieces.

Inventory:

Missiles
 a - 11 arrows
Jewellery
 j - a ring of poison resistance (left hand)
Scrolls
 d - a scroll of fog {unknown}
 e - 3 scrolls of remove curse
 g - a scroll of amnesia {unknown}
 h - a scroll of random uselessness {unknown}
 i - 3 scrolls of teleportation
 n - a scroll of enchant weapon {unknown}
 o - a scroll of immolation {unknown}
 r - a scroll of recharging {unknown}
Potions
 f - a potion of heal wounds {unknown}
 k - a potion of haste
 l - a potion of cancellation {unknown}
 m - 2 potions of flight
 p - a potion of curing {unknown}
Books
 b - a book of Changes

   Spells                             Type                      Level
   a - Beastly Appendage              Transmutation                1
   b - Sticks to Snakes               Transmutation                2
   c - Spider Form                    Transmutation/Poison         3
   d - Ice Form                       Ice/Transmutation            4
   e - Blade Hands                    Transmutation                5
 q - a book of Misfortune

   Spells                             Type                      Level
   a - Confusing Touch                Hexes                        1
   b - Confuse                        Hexes                        3
   c - Gell's Gravitas                Translocation                3
   d - Petrify                        Transmutation/Earth          4
   e - Metabolic Englaciation         Hexes/Ice                    5
   f - Yara's Violent Unravelling     Hexes/Transmutation          5
Comestibles
 c - 2 bread rations
 s - a chunk of flesh


   Skills:
 - Level 1.1 Fighting
 - Level 1.7 Dodging
 - Level 1.6 Stealth
 - Level 3.0 Unarmed Combat
 + Level 3.0 Spellcasting
 * Level 3.8 Transmutations
 + Level 1.5 Poison Magic


You had 4 spell levels left.
You knew the following spells:

 Your Spells              Type           Power        Failure   Level  Hunger
a - Beastly Appendage     Tmut           ##....       4%          1    #......
b - Sticks to Snakes      Tmut           ##......     7%          2    ###....
c - Spider Form           Tmut/Pois      #.........   22%         3    ###....


Dungeon Overview and Level Annotations

Branches:
Dungeon (3/15)

Altars:
Makhleb

Annotations:
D:3 keat06's ghost, amateur FoFi


Innate Abilities, Weirdness & Mutations

Your plain brown scales are hard. (AC +5)
You cannot fit into any form of body armour.
You are cold-blooded and may be slowed by cold attacks.
You have claws for feet.


Message History

You barely miss the orc.
The orc is almost dead.
You barely miss the orc.
The orc is almost dead.
The orc closely misses you.
You barely miss the orc.
The orc is almost dead.
The orc hits you with a flail.
* * * LOW HITPOINT WARNING * * *
You closely miss the orc.
The orc is almost dead.
The orc hits you with a flail.
* * * LOW HITPOINT WARNING * * *
You hit the orc but do no damage.
The orc is almost dead.
The orc barely misses you.
Casting: Beastly Appendage
Confirm with . or Enter, or press ? or * to list all spells.
Your feet morph into talons.
The orc hits you with a flail!
You die...

#.......# #.......#
############### #...<..[####
#.............# #..........#
#.............# #.......##..
#.............# #.......##..
#.............##########........
#...............o...........##..
#...........)..@)..............)
#.............############.#####
#.>....)......# #.#
#.............# #..
#..[..........## ##.#
#####.####.....####. .. #.
#..)........ #. #....####### ..
.........


You could see an orc.

Vanquished Creatures
  A hound (D:2)
  An orc wizard (D:3)
  2 adders
  An ooze (D:2)
  2 dart slugs (D:1)
  3 leopard geckos (D:1)
  An orc (D:3)
  6 hobgoblins
  A quokka (D:3)
  2 ball pythons
  10 bats
  3 frilled lizards
  10 goblins
  10 kobolds
  11 rats
64 creatures vanquished.

Notes
Turn   | Place    | Note
-------+----------+-------------------------------------------
     0 | D:1      | Jynx the Draconian Transmuter began the quest for the Orb.
     0 | D:1      | Reached XP level 1. HP: 16/16 MP: 3/3
   116 | D:1      | Reached XP level 2. HP: 9/23 MP: 3/5
   330 | D:1      | Reached skill level 1 in Stealth
   832 | D:1      | Reached XP level 3. HP: 22/28 MP: 3/6
   896 | D:1      | Learned a level 2 spell: Sticks to Snakes
   900 | D:1      | Learned a level 3 spell: Spider Form
  1680 | D:2      | Found a burning altar of Makhleb.
  1687 | D:2      | Reached skill level 1 in Poison Magic
  1687 | D:2      | Reached XP level 4. HP: 30/35 MP: 5/8
  2187 | D:3      | Noticed keat06's ghost (amateur FoFi)
  2689 | D:3      | Reached XP level 5. HP: 17/40 MP: 7/9
  2700 | D:3      | Slain by an orc

Skill      XL: |  1  2  3  4 |
---------------+-------------+-----
Stealth        | 1 |  1.6
Transmutations | 3 |  3.8
Poison Magic   | 1 |  1.5
Spellcasting   | 3 |  3.0
Fighting       | |  1.1
Dodging        | |  1.7
Unarmed Combat | |  3.0

Action                   |  1- 3 |  4- 6 || total
-------------------------+-------+-------++-------
Melee: Unarmed           |   130 |    91 ||   221
       Kick              |    19 |     2 ||    21
       Punch             |     1 |       ||     1
       Tailslap          |     9 |    15 ||    24
       Headbutt          |     6 |     7 ||    13
 Cast: Beastly Appendage |    26 |    13 ||    39
       Sticks to Snakes  |       |     1 ||     1
  Use: Scroll            |     1 |     4 ||     5
 Stab: Sleeping          |       |     1 ||     1
  Eat: Chunk             |     3 |     3 ||     6
Armor: Skin              |    61 |    26 ||    87
Dodge: Dodged            |   106 |    59 ||   165
